 Dungeon Crawl Stone Soup version 0.17-a0-2098-gf59d6bc (webtiles) character file.

100 zeke the Covered (level 4, 0/40 HPs)
             Began as a Minotaur Fighter on Oct 18, 2015.
             Slain by a crocodile (3 damage)
             ... on level 3 of the Dungeon.
             The game lasted 00:06:47 (1878 turns).

zeke the Covered (Minotaur Fighter)                 Turns: 1878, Time: 00:06:47

Health: 0/40       AC:  7    Str: 26    XL:     4   Next: 46%
Magic:  3/3        EV:  8    Int:  5    God:
Gold:   192        SH: 11    Dex: 10    Spells: 0 memorised, 3 levels left

rFire  + . .     SeeInvis .     a - +1 war axe
rCold  . . .     Clarity  .     b - +0 scale mail
rNeg   . . .     SustAt   .     c - +1 shield
rPois  .         Gourm    .     (helmet restricted)
rElec  .         Spirit   .     (no cloak)
rCorr  .         Warding  .     (no gloves)
rMut   .         Stasis   .     (no boots)
MR     .....                    (no amulet)
Stlth  ..........               (no ring)
                                h - ring of protection from fire

@: mighty, not resistant to hostile enchantments, extremely unstealthy
A: retaliatory headbutt, horns 2
a: no special abilities


You were on level 3 of the Dungeon.
You were hungry.

You visited 1 branch of the dungeon, and saw 3 of its levels.
You also visited: Sewer.

You collected 192 gold pieces.

Inventory:

Hand Weapons
 a - a +1 war axe (weapon)
Armour
 b - a +0 scale mail (worn)
 c - a +1 shield (worn)
Jewellery
 h - a ring of protection from fire (left hand)
Scrolls
 f - 3 scrolls of identify
 i - 3 scrolls of remove curse
 k - a scroll of enchant weapon
Potions
 j - a potion of cancellation
 q - a potion of agility
Comestibles
 e - 2 bread rations
 r - 5 fruits


   Skills:
 + Level 4.3 Fighting
 * Level 3.4 Axes
 + Level 4.4 Armour
 + Level 1.4 Dodging
 + Level 4.2 Shields


You had 3 spell levels left.
You didn't know any spells.

Dungeon Overview and Level Annotations

Branches:
Dungeon (3/15)

Altars:


Innate Abilities, Weirdness & Mutations

You reflexively headbutt those who attack you in melee.
You have a pair of horns on your head.


Message History

The crocodile is lightly wounded.
The crocodile bites you!
* * * LOW HITPOINT WARNING * * *
The crocodile barely misses you.
Unknown command.
Read which item? (? for menu, Esc to quit)
As you read the scroll labeled PETHALE ZOFORO, it crumbles to dust.
It is a scroll of identify.
You don't have any unidentified items.
The crocodile closely misses you.
Drink which item? (? for menu, Esc to quit)
You feel very mighty all of a sudden. The crocodile closely misses you.
You slice the crocodile!!
The crocodile is almost dead.
You block the crocodile's attack.
Your shield prevents you from hitting the crocodile.
The crocodile is almost dead.
The crocodile bites you.
You die...

*,,***,*,,,#..))....###..........
,,,,,,,,.......#≈#....##.###.#.#.
,,,,,,,*...##..#≈#....##.#.......
,,,,,,,,..,*#..#≈#....##.###.....
,,,,,,,,.,,,+..#≈#..####.###.$...
,,,,,,,,,,**#..#≈#....)..........
,,,,,,,,,,**####≈#######.###.....
,,,,,*,*,,,,,,,#t#*,,,,..# #.....
,,,,,*,*,,,,,,,#@#*,,,,..#*#..>..
,,,,,,,,,,,,,,,#≈#*,,,....,,,,,,,
,*,*,*,*,,,,,,,###*,,,...#**,,*,,
,,,,,,,,,,,,,,,,,,,,,.....,,,,,,,
,,,,,,,,,,,,,,,,,,,,,,,,..,,,,,,,
**,*,*,*,*,,,,,,***,,,,,,,,,,,,,,
**,*,,,,,*,,,,,,***,,,,,,,,,,,,,,
,,,,,,,*,*,,,,,,,,,,,,,,,,,,,,,,,
,,,,,,,,,,*****,,,,,,,,,,,,,,,,,,


You could see a crocodile.

Vanquished Creatures
  4 adders
  2 oozes (D:1)
  A worm (D:3)
  A ball python (D:2)
  5 giant cockroaches
  5 hobgoblins
  4 quokkas
  12 bats
  A goblin (D:1)
  6 kobolds
  12 rats
53 creatures vanquished.

Vanquished Creatures (others)
  A worm (D:2)
  A giant cockroach (D:2)
2 creatures vanquished.

Grand Total: 55 creatures vanquished

Notes
Turn   | Place    | Note
--------------------------------------------------------------
     0 | D:1      | zeke the Minotaur Fighter began the quest for the Orb.
     0 | D:1      | Reached XP level 1. HP: 19/19 MP: 0/0
   120 | D:1      | Reached XP level 2. HP: 27/27 MP: 1/1
   157 | D:1      | Reached skill level 4 in Armour
   501 | D:1      | Reached XP level 3. HP: 33/33 MP: 2/2
  1056 | D:2      | Reached skill level 1 in Dodging
  1056 | D:2      | Reached XP level 4. HP: 27/40 MP: 3/3
  1480 | D:3      | Found a glowing drain.
  1489 | Sewer    | Entered a sewer
  1522 | Sewer    | Noticed a crocodile
  1874 | D:3      | HP: 2/40 [crocodile (12)]
  1878 | D:3      | Slain by a crocodile

Vault maps used:
D:1:      onia_arrival_larder
D:2:      lemuel_flame_loot_1
D:3:      first_bread, portal_sewer_entry_d
Sewer:    sewer_big_baddie

Action                   |  1- 3 |  4- 6 || total
-------------------------+-------+-------++-------
Melee: War axe           |    99 |    33 ||   132
  Use: Scroll            |       |     8 ||     8
       Potion            |       |     4 ||     4
  Eat: Chunk             |     1 |       ||     1
       Beef jerky        |       |     1 ||     1
